 Dungeon Crawl Stone Soup version 0.32-a0-361-g289a535e89 (webtiles) character file.

Game seed: 13063268669130132205

28616 cforsyth the Warrior (level 13, -8/108 (109) HPs)
             Began as a Djinni Fire Elementalist on Feb 18, 2024.
             Mangled by an apocalypse crab (21 damage)
             ... in a Gauntlet.
             The game lasted 00:39:27 (21928 turns).

cforsyth the Warrior (Djinni Fire Elementalist)    Turns: 21928, Time: 00:39:28

HP:   -8/108 (109)  AC:  9    Str:  7    XL:     13   Next: 74%
Gold: 1087          EV: 12    Int: 33    God:
                    SH:  0    Dex: 15

rFire   + + .        (no weapon)
rCold   x . .        (no shield)
rNeg    . . .        z - +0 steam dragon scales
rPois   ∞            (no helmet)
rElec   .            c - +0 cloak
rCorr   .            F - +2 pair of gloves {infuse}
SInv    .            (boots unavailable)
Will    +....        (no amulet)
Stlth   ++           I - +6 ring of intelligence
HPRegen 0.38/turn    i - +6 ring of intelligence
MPRegen 0.00/turn

%: no teleportation, infuse magic (-9 HP)
@: radiating poison, flying, lightly drained
A: sickness immunity, fire resistance 2, cold vulnerability 1, float, innate
caster, HP casting, extra vitality 1
a: no special abilities


You were in a Gauntlet.
You visited 2 branches of the dungeon, and saw 14 of its levels.
You also visited: Bailey and Gauntlet.

You collected 1495 gold pieces.
You spent 408 gold pieces at shops.


Innate Abilities, Weirdness & Mutations

You are immune to sickness and miasma.
You are immune to poison.
Your flesh is very heat resistant. (rF++)
You are vulnerable to cold. (rC-)
You float through the air rather than walking.
You learn spells naturally, not from books.
Your magical power is your life essence.
You have superior vitality. (+4 MHP)


   Skills:
 + Level 16.0 Fighting
 - Level 2.1 Dodging
 - Level 1.5 Stealth
 + Level 12.6 Spellcasting
 + Level 12.6 Conjurations
 + Level 12.6 Hexes
 + Level 12.6 Summonings
 + Level 12.6 Necromancy
 + Level 12.6 Translocations
 + Level 12.6 Fire Magic
 + Level 12.6 Ice Magic
 + Level 12.6 Air Magic
 + Level 12.6 Earth Magic
 + Level 12.6 Alchemy


You knew the following spells:

 Your Spells              Type           Power      Damage    Failure   Level
c - Call Imp              Summ           100%       N/A       1%          2
f - Foxfire               Conj/Fire      100%       2x1d9     0%          1
l - Lesser Beckoning      Tloc           100%       N/A       1%          2
o - Olgreb's Toxic Radia  Alch           81%        N/A       1%          4
r - Inner Flame           Hex/Fire       81%        N/A       1%          3
v - Vampiric Draining     Necr           81%        2d11      1%          3
z - Sandblast             Erth           100%       2d20      0%          1
S - Silence               Hex/Air        40%        N/A       1%          5
X - Scorch                Fire           100%       2d9       1%          2
Y - Volatile Blastmotes   Fire/Tloc      100%       2d18      1%          3
Z - Flame Wave            Conj/Fire      81%        2d18      1%          4
Your spell library was empty.

Inventory:

Armour
 c - a +0 cloak (worn)
 z - +0 steam dragon scales (worn)
 F - a +2 pair of gloves of infusion (worn)
Jewellery
 i - a +6 ring of intelligence (right hand)
 I - a +6 ring of intelligence (left hand)
Wands
 g - a wand of flame (35)
 r - a wand of roots (5)
 A - a wand of mindburst (13)
Scrolls
 a - a scroll of fear
 d - 2 scrolls of poison
 e - 9 scrolls of teleportation {@r2}
 j - 2 scrolls of noise
 k - 4 scrolls of enchant weapon {unknown}
 n - 4 scrolls of vulnerability
 o - 2 scrolls of blinking
 s - 4 scrolls of fog {unknown}
 u - 4 scrolls of silence {!r}
 v - a scroll of summoning
 x - a scroll of enchant armour
 B - a scroll of acquirement {unknown}
Potions
 b - a potion of berserk rage {!q}
 f - 6 potions of curing {@q1}
 h - a potion of enlightenment
 m - 4 potions of haste {@q3}
 p - a potion of attraction
 q - 2 potions of ambrosia
 t - 3 potions of invisibility
 w - 2 potions of heal wounds {@q2}
 D - 2 potions of lignification
 E - a potion of mutation {unknown}

Dungeon Overview and Level Annotations

Branches:
Dungeon (12/15)            Temple (0/1) D:7            Lair (0/5) D:10
    Orc (2/2) D:9             Elf (0/3) Orc:2        Bailey (visited)
Gauntlet (1/1)

Altars:
Elyvilon
Gozag
Makhleb
Nemelex Xobeh
Okawaru
Wu Jian
Zin
Beogh

Shops:
D:8 ?   D:11 *   Orc:2 !(*!

Annotations:
D:7 Dordric's ghost, novice TrSh
D:10 1 runed translucent door, yleetSyT's ghost, novice TrGl
Orc:1 4 transporters Gauntlet 9 transporters, 1 runed translucent door

▒▒ ▒▒▒ ▓▓▒▒▒▒▒▒▒▒▒▒▒▒▒▒▒▓▓ ▒▒▒ ▒▒
≈▒▒▒≈▒▒▒.................▒▒▒≈▒▒▒≈
≈≈▒≈≈≈▒...ß⌠ß..ß∩ß..ß⌠ß...▒≈≈≈▒≈≈
.................................
▒▒▒▒▒▒▒▒▒▒▒▒▒▒▒▒▒▒▒▒▒▒▒▒▒▒▒▒▒▒▒▒▒
▒z.ß▒ßz.▒ß©ß▒t§§....▒ß©ß▒.......▒
▒...ß...▒...▒.▓§▓▒▓.▒...▒.▒▒▒▒..▒
▒!.ß.ß.ß▒...▒.§§§▒..▒...▒.....▒.▒
▒©ß.©.ß▒▒©.©▒©.▓@▓.▓▒©.©▒▒▒▒©.▒.▒
▒}.ß.ß.ß▒▒▒▒▒!.▒§t.▒▒▒▒▒▒...▒.▒.▒
▒z..ßz.z▒...▒"▓▒▓§▓▒▒...▒▒..▒.▒.▒
▒.zß▒ßzz▒.ß.▒....§..▒.ß.▒©▒.▒.).▒
▒▒▒▒▒▒▒▒▒...▒▒▒▒▒▒▒▒▒...▒▒▒▒▒▒▒▒▒
.................................
≈≈▒≈≈≈▒≈≈≈▒≈≈≈▒≈≈≈▒≈≈≈▒≈≈≈▒≈≈≈▒≈≈
≈▒▒▒≈▒▒▒≈▒▒▒≈▒▒▒≈▒▒▒≈▒▒▒≈▒▒▒≈▒▒▒≈
▒▒ ▒▒▒ ▒▒▒ ▒▒▒ ▒▒▒ ▒▒▒ ▒▒▒ ▒▒▒ ▒▒


You could see an apocalypse crab (fast, inner flame, very poisoned).


Message History

The blast of chaos engulfs you. You resist.
The apocalypse crab is engulfed in blazing flames.
Flame seeps out of the apocalypse crab.
The apocalypse crab breathes chaos at you.
The blast of chaos engulfs you.
You feel drained.
Casting: Olgreb's Toxic Radiance (safe; 1% risk of failure)
Confirm with . or Enter, or press ? or * to list all spells.
Flames lash the apocalypse crab but do no damage.
You are engulfed in seething chaos.
Flame seeps out of the apocalypse crab. x2
The apocalypse crab bites you! The apocalypse crab freezes you!!
You feel a terrible chill!
* * * LOW HITPOINT WARNING * * *
The apocalypse crab claws you but does no damage.
Unknown command.
Casting: Scorch (safe; 1% risk of failure)
Confirm with . or Enter, or press ? or * to list all spells.
Flames lash the apocalypse crab but do no damage.
* * * LOW HITPOINT WARNING * * *
You are engulfed in seething chaos.
Flame seeps out of the apocalypse crab. x2
The apocalypse crab bites you but does no damage.
The apocalypse crab claws you.
* * * LOW HITPOINT WARNING * * *
The apocalypse crab shocks you!
* * * LOW HITPOINT WARNING * * *
The apocalypse crab is engulfed in blazing flames.
Flame seeps out of the apocalypse crab.
The apocalypse crab barely misses you. The apocalypse crab claws you!
* * * LOW HITPOINT WARNING * * *
The apocalypse crab freezes you!!
You feel a terrible chill!
You die...

Skill      XL: |  1  2  3  4  5  6  7  8  9 10 11 12 13 |
---------------+----------------------------------------+-----
Fighting       | 1 2 3 4 5 7 9 11 13 14 16 | 16.0
Spellcasting   | 4 5 6 7 9 10 11 12 | 12.6
Conjurations   | 4 5 6 7 9 10 11 12 | 12.6
Hexes          | 4 5 6 7 9 10 11 12 | 12.6
Summonings     | 4 5 6 7 9 10 11 12 | 12.6
Necromancy     | 4 5 6 7 9 10 11 12 | 12.6
Translocations | 4 5 6 7 9 10 11 12 | 12.6
Fire Magic     | 4 5 6 7 9 10 11 12 | 12.6
Ice Magic      | 4 5 6 7 9 10 11 12 | 12.6
Air Magic      | 4 5 6 7 9 10 11 12 | 12.6
Earth Magic    | 4 5 6 7 9 10 11 12 | 12.6
Alchemy        | 4 5 6 7 9 10 11 12 | 12.6
Dodging        | |  2.1
Stealth        | |  1.5

Action                     |  1- 3 |  4- 6 |  7- 9 | 10-12 | 13-15 || total
---------------------------+-------+-------+-------+-------+-------++-------
  Melee: Unarmed           |     3 |     7 |       |       |     1 ||    11
   Cast: Foxfire           |    79 |   207 |   200 |   198 |    26 ||   710
         Scorch            |     7 |     7 |    35 |   102 |    37 ||   188
         Inner Flame       |       |       |    14 |    94 |    41 ||   149
         Call Imp          |       |       |     1 |    12 |     9 ||    22
         Olgreb's Toxic Ra |       |       |       |    52 |    37 ||    89
         Sandblast         |       |       |       |     2 |       ||     2
         Flame Wave        |       |       |       |     2 |       ||     2
         Volatile Blastmot |       |       |       |     1 |       ||     1
  Evoke: Wand              |       |       |       |     2 |       ||     2
    Use: Scroll            |       |       |    13 |     8 |     2 ||    23
         Potion            |       |       |     2 |       |     1 ||     3
 Armour: Robe              |     3 |    14 |    23 |    53 |       ||    93
         Steam dragon scal |       |       |       |    58 |    91 ||   149
  Dodge: Dodged            |     4 |    16 |    27 |    48 |    35 ||   130

Levels and vault maps discovered:
D:1:      minmay_arrival_split_and_join, layout_basic
D:2:      layout_loops_ring, shapermc_ecumenical_altar_acropolis,
          grunt_ministairs_9
D:3:      minmay_razor_zed, layout_rooms, serial_bayou_ford_a, st_stairs_11,
          hangedman_decor_opposing, roderic_serpentine_path,
          nicolae_twisty_statue_hallways
D:4:      layout_basic
D:5:      layout_basic
D:6:      layout_gridville, mainiacjoe_overflow_surrounded_room
D:7:      layout_rooms, mainiacjoe_overflow_alcove_1, temple_pool_b,
          enter_bailey_2, gammafunk_ghost_arena, nicolae_letterblocks
          [nicolae_letter_subblock, nicolae_letter_subblock,
          nicolae_letter_subblock, nicolae_letter_subblock,
          nicolae_letter_subblock, nicolae_letter_subblock,
          nicolae_letter_subblock, nicolae_letter_subblock,
          nicolae_letter_subblock, nicolae_letter_subblock,
          nicolae_letter_subblock, nicolae_letter_subblock,
          nicolae_letter_subblock, nicolae_letter_subblock,
          nicolae_letter_subblock, nicolae_letter_subblock,
          nicolae_letter_subblock, nicolae_letter_subblock,
          nicolae_letter_subblock, nicolae_letter_subblock,
          nicolae_letter_subblock, nicolae_letter_subblock,
          nicolae_letter_subblock, nicolae_letter_subblock,
          nicolae_letter_subblock], uniq_pikel
D:8:      layout_cave_pools, marbit_many_paths, serial_shops,
          nicolae_diamond_shop, minmay_chambers_of_fives, uniq_jeremiah
D:9:      layout_roguey, mainiacjoe_overflow_six_doors_small, elyvilon_altar_1,
          david_orc_4, lightli_wizard_tower, uniq_joseph
D:10:     layout_layer_cave, kennysheep_mini, hellmonk_lair_entry_icy,
          hellmonk_ghost_happy_afterlife, uniq_erica, uniq_josephine
D:11:     layout_layer_cave, serial_shops, nicolae_shop_getting_attention,
          nicolae_wu_jian_glorious_leap
D:12:     layout_roguey, gauntlet_entry_generic, abandoned_shop, uniq_nergalle,
          uniq_azrael, uniq_kirke
Orc:1:    dreamdust_wu_jian_sword_trials, layout_diamond_mine, basic_altar
Orc:2:    hellmonk_orc_salted, layout_caves, nicolae_orc_flooded_monolith,
          bh_open_orc_temple
Gauntlet: gammafunk_gauntlet_77_escape_option
          [minmay_gauntlet_arena_77_shame_cube,
          minmay_gauntlet_arena_77_radiant_squares,
          minmay_gauntlet_arena_77_broken_ladder,
          minmay_gauntlet_arena_77_terracotta_army,
          minmay_gauntlet_arena_77_braids, dreamdust_gauntlet_exit_labyrinth]

Notes
Turn   | Place    | Note
-------+----------+-------------------------------------------
     0 | D:1      | cforsyth the Djinni Fire Elementalist began the quest for
                  | the Orb.
     0 | D:1      | cforsyth set off with the following spells memorised:
                  | Foxfire, Scorch, Volatile Blastmotes, Inner Flame, Flame
                  | Wave.
     0 | D:1      | Reached XP level 1. HP: 15/15 MP: 0/0
   188 | D:1      | Reached XP level 2. HP: 14/22 MP: 0/0
   255 | D:1      | Reached skill level 1 in Fighting
   824 | D:2      | Found a faded altar of an unknown god.
   829 | D:2      | Reached XP level 3. HP: 21/27 MP: 0/0
   829 | D:2      | Learned a level 1 spell: Sandblast
  1069 | D:2      | Reached skill level 2 in Fighting
  1284 | D:2      | Reached XP level 4. HP: 32/33 MP: 0/0
  2022 | D:3      | Reached XP level 5. HP: 36/40 MP: 0/0
  2022 | D:3      | Learned a level 2 spell: Lesser Beckoning
  2052 | D:3      | Reached skill level 3 in Fighting
  2336 | D:3      | Reached skill level 4 in Spellcasting
  2336 | D:3      | Reached skill level 4 in Conjurations
  2336 | D:3      | Reached skill level 4 in Hexes
  2336 | D:3      | Reached skill level 4 in Summonings
  2336 | D:3      | Reached skill level 4 in Necromancy
  2336 | D:3      | Reached skill level 4 in Translocations
  2336 | D:3      | Reached skill level 4 in Fire Magic
  2336 | D:3      | Reached skill level 4 in Ice Magic
  2336 | D:3      | Reached skill level 4 in Air Magic
  2336 | D:3      | Reached skill level 4 in Earth Magic
  2336 | D:3      | Reached skill level 4 in Alchemy
  3346 | D:4      | Reached XP level 6. HP: 41/46 MP: 0/0
  3552 | D:4      | Reached skill level 4 in Fighting
  3929 | D:5      | Entered Level 5 of the Dungeon
  4484 | D:6      | Reached XP level 7. HP: 49/53 MP: 0/0
  4484 | D:6      | Learned a level 2 spell: Call Imp
  4531 | D:6      | Reached skill level 5 in Fighting
  4531 | D:6      | Reached skill level 5 in Spellcasting
  4531 | D:6      | Reached skill level 5 in Conjurations
  4531 | D:6      | Reached skill level 5 in Hexes
  4531 | D:6      | Reached skill level 5 in Summonings
  4531 | D:6      | Reached skill level 5 in Necromancy
  4531 | D:6      | Reached skill level 5 in Translocations
  4531 | D:6      | Reached skill level 5 in Fire Magic
  4531 | D:6      | Reached skill level 5 in Ice Magic
  4531 | D:6      | Reached skill level 5 in Air Magic
  4531 | D:6      | Reached skill level 5 in Earth Magic
  4531 | D:6      | Reached skill level 5 in Alchemy
  4870 | D:6      | Reached XP level 8. HP: 46/61 MP: 0/0
  4939 | D:6      | Reached skill level 6 in Fighting
  5270 | D:6      | Reached skill level 6 in Spellcasting
  5270 | D:6      | Reached skill level 6 in Conjurations
  5270 | D:6      | Reached skill level 6 in Hexes
  5270 | D:6      | Reached skill level 6 in Summonings
  5270 | D:6      | Reached skill level 6 in Necromancy
  5270 | D:6      | Reached skill level 6 in Translocations
  5270 | D:6      | Reached skill level 6 in Fire Magic
  5270 | D:6      | Reached skill level 6 in Ice Magic
  5270 | D:6      | Reached skill level 6 in Air Magic
  5270 | D:6      | Reached skill level 6 in Earth Magic
  5270 | D:6      | Reached skill level 6 in Alchemy
  5398 | D:6      | Found a glowing silver altar of Zin.
  5630 | D:7      | Reached skill level 7 in Fighting
  5665 | D:7      | Found a staircase to the Ecumenical Temple.
  5709 | D:7      | Reached XP level 9. HP: 26/68 MP: 0/0
  5709 | D:7      | Learned a level 3 spell: Vampiric Draining
  5712 | D:7      | Found a transporter.
  5712 | D:7      | Noticed Dordric's ghost (novice TrSh)
  5714 | D:7      | Found a transporter.
  5733 | D:7      | Noticed a gargoyle
  5743 | D:7      | Reached skill level 8 in Fighting
  5758 | D:7      | Found a flagged portal.
  5778 | Bailey   | Entered a bailey
  6060 | Bailey   | Reached skill level 7 in Spellcasting
  6060 | Bailey   | Reached skill level 7 in Conjurations
  6060 | Bailey   | Reached skill level 7 in Hexes
  6060 | Bailey   | Reached skill level 7 in Summonings
  6060 | Bailey   | Reached skill level 7 in Necromancy
  6060 | Bailey   | Reached skill level 7 in Translocations
  6060 | Bailey   | Reached skill level 7 in Fire Magic
  6060 | Bailey   | Reached skill level 7 in Ice Magic
  6060 | Bailey   | Reached skill level 7 in Air Magic
  6060 | Bailey   | Reached skill level 7 in Earth Magic
  6060 | Bailey   | Reached skill level 7 in Alchemy
  6185 | Bailey   | Identified the +0 pair of boots of the Tormentor {rElec}
  6650 | D:7      | Found an iron altar of Okawaru.
  6808 | D:7      | Noticed Pikel
  6820 | D:7      | Killed Pikel
  6821 | D:7      | Reached skill level 9 in Fighting
  6821 | D:7      | Reached XP level 10. HP: 58/78 MP: 0/0
  6910 | D:7      | Noticed a two-headed ogre
  6915 | D:7      | Killed a two-headed ogre
  6916 | D:7      | Reached skill level 8 in Spellcasting
  6916 | D:7      | Reached skill level 8 in Conjurations
  6916 | D:7      | Reached skill level 8 in Hexes
  6916 | D:7      | Reached skill level 8 in Summonings
  6916 | D:7      | Reached skill level 8 in Necromancy
  6916 | D:7      | Reached skill level 8 in Translocations
  6916 | D:7      | Reached skill level 8 in Fire Magic
  6916 | D:7      | Reached skill level 8 in Ice Magic
  6916 | D:7      | Reached skill level 8 in Air Magic
  6916 | D:7      | Reached skill level 8 in Earth Magic
  6916 | D:7      | Reached skill level 8 in Alchemy
  6930 | D:7      | Reached skill level 10 in Fighting
  7243 | D:8      | Noticed Jeremiah
  7437 | D:8      | Killed Jeremiah
  7589 | D:8      | Noticed a two-headed ogre
  7594 | D:8      | Killed a two-headed ogre
  7722 | D:8      | Reached skill level 11 in Fighting
  7887 | D:8      | Identified the +1 ring mail of Raithrir {Fly rPois rF+}
  7898 | D:8      | Reached skill level 9 in Spellcasting
  7898 | D:8      | Reached skill level 9 in Conjurations
  7898 | D:8      | Reached skill level 9 in Hexes
  7898 | D:8      | Reached skill level 9 in Summonings
  7898 | D:8      | Reached skill level 9 in Necromancy
  7898 | D:8      | Reached skill level 9 in Translocations
  7898 | D:8      | Reached skill level 9 in Fire Magic
  7898 | D:8      | Reached skill level 9 in Ice Magic
  7898 | D:8      | Reached skill level 9 in Air Magic
  7898 | D:8      | Reached skill level 9 in Earth Magic
  7898 | D:8      | Reached skill level 9 in Alchemy
  8144 | D:8      | Found a sparkling altar of Nemelex Xobeh.
  8241 | D:8      | Found Wuogij's Magic Scroll Boutique.
  8249 | D:8      | Bought a scroll of identify for 22 gold pieces
  8249 | D:8      | Bought a scroll of identify for 22 gold pieces
  8249 | D:8      | Bought a scroll of identify for 22 gold pieces
  8249 | D:8      | Bought a scroll of teleportation for 33 gold pieces
  8249 | D:8      | Bought a scroll of identify for 22 gold pieces
  8439 | D:9      | Found a burning altar of Makhleb.
  8446 | D:9      | Reached XP level 11. HP: 76/87 MP: 0/0
  8446 | D:9      | Learned a level 4 spell: Olgreb's Toxic Radiance
  9056 | D:9      | Found a white marble altar of Elyvilon.
  9265 | D:9      | Noticed Joseph
  9270 | D:9      | Killed Joseph
  9406 | D:9      | Reached skill level 12 in Fighting
  9747 | D:9      | Found a staircase to the Orcish Mines.
  9954 | D:9      | Noticed an arcanist
  9960 | D:9      | Killed an arcanist
 10381 | D:10     | Entered Level 10 of the Dungeon
 10391 | D:10     | Noticed a centaur warrior
 10673 | D:10     | Noticed Josephine
 10738 | D:10     | Reached skill level 10 in Spellcasting
 10738 | D:10     | Reached skill level 10 in Conjurations
 10738 | D:10     | Reached skill level 10 in Hexes
 10738 | D:10     | Reached skill level 10 in Summonings
 10738 | D:10     | Reached skill level 10 in Necromancy
 10738 | D:10     | Reached skill level 10 in Translocations
 10738 | D:10     | Reached skill level 10 in Fire Magic
 10738 | D:10     | Reached skill level 10 in Ice Magic
 10738 | D:10     | Reached skill level 10 in Air Magic
 10738 | D:10     | Reached skill level 10 in Earth Magic
 10738 | D:10     | Reached skill level 10 in Alchemy
 10815 | D:10     | HP: 6/90 [centaur warrior/arrow (18)]
 11302 | Orc:1    | Entered Level 1 of the Orcish Mines
 11457 | Orc:1    | Found a roughly hewn altar of Beogh.
 11804 | Orc:1    | Noticed an orc knight
 11808 | Orc:1    | Killed an orc knight
 11978 | Orc:1    | Found an ornate altar of the Wu Jian Council.
 11979 | Orc:1    | Found a transporter.
 11988 | Orc:1    | Noticed an orc knight
 11998 | Orc:1    | Reached skill level 13 in Fighting
 11999 | Orc:1    | Killed an orc knight
 12000 | Orc:1    | Reached XP level 12. HP: 48/98 MP: 0/0
 12309 | Orc:1    | Found a transporter.
 12323 | Orc:1    | Found a transporter.
 12343 | Orc:1    | Found a transporter.
 12343 | Orc:1    | Found an ornate altar of the Wu Jian Council.
 12343 | Orc:1    | Noticed an orc warlord
 12973 | Orc:2    | Entered Level 2 of the Orcish Mines
 13811 | Orc:2    | Reached skill level 11 in Spellcasting
 13811 | Orc:2    | Reached skill level 11 in Conjurations
 13811 | Orc:2    | Reached skill level 11 in Hexes
 13811 | Orc:2    | Reached skill level 11 in Summonings
 13811 | Orc:2    | Reached skill level 11 in Necromancy
 13811 | Orc:2    | Reached skill level 11 in Translocations
 13811 | Orc:2    | Reached skill level 11 in Fire Magic
 13811 | Orc:2    | Reached skill level 11 in Ice Magic
 13811 | Orc:2    | Reached skill level 11 in Air Magic
 13811 | Orc:2    | Reached skill level 11 in Earth Magic
 13811 | Orc:2    | Reached skill level 11 in Alchemy
 14837 | Orc:2    | Reached skill level 14 in Fighting
 15083 | Orc:2    | Found a staircase to the Elven Halls.
 15323 | Orc:2    | Noticed an orc high priest
 15328 | Orc:2    | Killed an orc high priest
 15545 | Orc:2    | Found a roughly hewn altar of Beogh.
 15856 | Orc:2    | Noticed an ettin
 15865 | Orc:2    | Killed an ettin
 16038 | Orc:2    | Reached XP level 13. HP: 95/106 MP: 0/0
 16038 | Orc:2    | Learned a level 5 spell: Silence
 16517 | Orc:2    | Reached skill level 15 in Fighting
 16543 | Orc:2    | Reached skill level 12 in Spellcasting
 16543 | Orc:2    | Reached skill level 12 in Conjurations
 16543 | Orc:2    | Reached skill level 12 in Hexes
 16543 | Orc:2    | Reached skill level 12 in Summonings
 16543 | Orc:2    | Reached skill level 12 in Necromancy
 16543 | Orc:2    | Reached skill level 12 in Translocations
 16543 | Orc:2    | Reached skill level 12 in Fire Magic
 16543 | Orc:2    | Reached skill level 12 in Ice Magic
 16543 | Orc:2    | Reached skill level 12 in Air Magic
 16543 | Orc:2    | Reached skill level 12 in Earth Magic
 16543 | Orc:2    | Reached skill level 12 in Alchemy
 16649 | Orc:2    | Found Pumies's Assorted Antiques.
 16650 | Orc:2    | Found a roughly hewn altar of Beogh.
 16651 | Orc:2    | Found Zaletybu's Antique Weapon Shop.
 16661 | Orc:2    | Bought a scroll labelled GIACUU XUNOX for 31 gold pieces
 16671 | Orc:2    | Found Zidoig's Distillery.
 16705 | Orc:2    | Found Nuesel's Distillery.
 17797 | D:9      | Killed Josephine
 18310 | D:10     | Noticed Erica
 18317 | D:10     | Killed Erica
 19396 | D:10     | Killed a centaur warrior
 19545 | D:10     | Found a staircase to the Lair.
 19680 | D:10     | Found an opulent altar of Gozag.
 19800 | D:10     | Identified the +0 pair of gloves "Qidghustra" {Rampage rF-
                  | Dex+3 SInv}
 20015 | D:10     | Found a runed translucent door.
 20015 | D:10     | Noticed yleetSyT's ghost (novice TrGl)
 20473 | D:11     | Found Coutux's Assorted Antiques.
 20480 | D:11     | Bought a pair of glowing gloves for 202 gold pieces
 20480 | D:11     | Bought a scroll of identify for 54 gold pieces
 21001 | D:11     | Found an ornate altar of the Wu Jian Council.
 21488 | D:12     | Found a gate leading to a gauntlet.
 21531 | Gauntlet | Entered a Gauntlet
 21531 | Gauntlet | Found a transporter.
 21531 | Gauntlet | Found a runed translucent door.
 21562 | Gauntlet | Found a runed translucent door.
 21573 | Gauntlet | Found a transporter.
 21576 | Gauntlet | Found a transporter.
 21577 | Gauntlet | Found a transporter.
 21588 | Gauntlet | Found a transporter.
 21589 | Gauntlet | Found a transporter.
 21597 | Gauntlet | Found a transporter.
 21600 | Gauntlet | Found a transporter.
 21601 | Gauntlet | Found a transporter.
 21609 | Gauntlet | Found a transporter.
 21612 | Gauntlet | Found a transporter.
 21613 | Gauntlet | Found a transporter.
 21621 | Gauntlet | Found a transporter.
 21679 | Gauntlet | Found a transporter.
 21744 | Gauntlet | Reached skill level 16 in Fighting
 21928 | Gauntlet | Mangled by an apocalypse crab

Vanquished Creatures
  An ettin (Orc:2)
  Josephine (D:9)
  Erica (D:10)
  A centaur warrior (D:10)
  4 two-headed ogres
  2 orc high priests (Orc:2)
  2 arcanists
  Pikel (D:7)
  10 orc knights
  2 cyclopes
  4 orc sorcerers (Orc:2)
  Joseph (D:9)
  2 unseen horrors
  Jeremiah (D:8)
  A komodo dragon (D:9)
  A rime drake (D:10)
  A queen bee (Gauntlet)
  4 saltlings
  A hornet (D:8)
  2 trolls (Orc:2)
  A shadow (D:10)
  8 yaks
  6 wargs
  5 wraiths
  2 steam dragons
  2 water moccasins
  31 orc warriors
  2 sky beasts
  8 ice beasts
  A black bear (D:8)
  8 ogres
  3 centaurs
  A wolf (D:10)
  A phantom (D:6)
  2 lemures (D:7)
  3 kobold brigands
  3 bullfrogs
  2 gnoll sergeants
  4 scorpions
  11 wights
  6 killer bees (Gauntlet)
  4 howler monkeys
  A crimson imp (D:9)
  2 hounds (D:5)
  A jelly (D:7)
  A bombardier beetle (D:4)
  A gnoll bouda (D:8)
  10 orc priests
  A sleepcap (D:7)
  3 iguanas
  15 orc wizards
  12 gnolls
  5 adders
  A shadow imp (Gauntlet)
  5 white imps
  3 ufetubi (D:7)
  4 dart slugs
  6 ribbon worms
  85 orcs
  2 ball pythons
  5 endoplasms
  2 giant cockroaches
  8 goblins
  5 hobgoblins
  4 jackals (D:2)
  14 kobolds
  2 quokkas
  4 bats
  3 frilled lizards
  4 rats
366 creatures vanquished.

Vanquished Creatures (collateral kills)
  6 foxfires
6 creatures vanquished.

Vanquished Creatures (others)
  1262 foxfires
1262 creatures vanquished.

Grand Total: 1634 creatures vanquished

Table legend: (Time is in decaauts)
 A = Elapsed time spent in this place.
 B = Non-inter-level travel time spent in this place.
 C = Inter-level travel time spent in this place.
 D = Time resting spent in this place.
 E = Time spent auto-exploring this place.
 F = Levels seen in this place.
 G = Mean time per level.
                   A        B        C        D        E       F      G
               +--------+--------+--------+--------+--------+-----+--------+
         Total |  21979 |  20730 |   1249 |   5479 |  12429 |  16 | 1373.7 |
       Dungeon |  15639 |  14539 |   1100 |   3397 |   9266 |  12 | 1303.2 |
  Orcish Mines |   5197 |   5048 |    149 |   1920 |   2433 |   2 | 2598.5 |
        Bailey |    746 |    746 |      0 |    156 |    437 |   1 |  746.0 |
      Gauntlet |    396 |    396 |      0 |      6 |    293 |   1 |  396.0 |
               +--------+--------+--------+--------+--------+-----+--------+

Top non-repeatable levels by time:
     D:9: 4184 daAuts
   Orc:1: 2822 daAuts
   Orc:2: 2374 daAuts
    D:10: 1761 daAuts
     D:8: 1376 daAuts
     D:7: 1231 daAuts
     D:4: 1197 daAuts
    D:11: 1183 daAuts
     D:2: 1063 daAuts
     D:3: 1046 daAuts
     D:6: 957 daAuts
     D:5: 822 daAuts
     D:1: 761 daAuts
  Bailey: 746 daAuts
Gauntlet: 396 daAuts

Table legend:
 A = Non-vault XP
 B = Vault XP
 C = Vault XP percentage of total XP
 D = Non-vault monster count
 E = Vault monster count
 F = Vault count percentage of total count
                 A         B        C        D         E       F
            +---------+---------+-------+---------+---------+-------
      Total |   18124 |   22757 |  55.7 |     242 |     122 |  33.5
            +---------+---------+-------+---------+---------+-------
        D:1 |      22 |       0 |   0.0 |       8 |       0 |   0.0
        D:2 |      85 |       3 |   3.4 |      19 |       1 |   5.0
        D:3 |      34 |      34 |  50.0 |       8 |      11 |  57.9
        D:4 |     179 |       0 |   0.0 |      21 |       0 |   0.0
        D:5 |     144 |       0 |   0.0 |       5 |       0 |   0.0
        D:6 |    1129 |       0 |   0.0 |      17 |       0 |   0.0
        D:7 |    2245 |     790 |  26.0 |      25 |       5 |  16.7
        D:8 |    1067 |    1797 |  62.7 |      16 |       8 |  33.3
        D:9 |    2296 |    3207 |  58.3 |      37 |      22 |  37.3
       D:10 |    2396 |    2090 |  46.6 |      11 |       9 |  45.0
       D:11 |    3184 |       0 |   0.0 |      10 |       0 |   0.0
       D:12 |     206 |       0 |   0.0 |       1 |       0 |   0.0
      Orc:1 |    3739 |     284 |   7.1 |      39 |       1 |   2.5
      Orc:2 |    1398 |   12623 |  90.0 |      25 |      35 |  58.3
     Bailey |       0 |     484 | 100.0 |       0 |      21 | 100.0
   Gauntlet |       0 |    1445 | 100.0 |       0 |       9 | 100.0
            +---------+---------+-------+---------+---------+-------
